 Dungeon Crawl Stone Soup version 0.32-a0-401-g0bcb2a7693 (webtiles) character file.

Game seed: 5501641668084511071

28 Querens the Chopper (level 3, -3/1 (37) HPs)
             Began as a Coglin Gladiator on Feb 20, 2024.
             Slain by Ijyb
             ... wielding a +2 dagger of draining
              (4 damage)
             ... on level 3 of the Dungeon.
             The game lasted 00:04:43 (625 turns).

Querens the Chopper (Coglin Gladiator)               Turns: 625, Time: 00:04:44

HP:   -3/1 (37)     AC: 21    Str: 16    XL:     3   Next: 12%
MP:   3/3           EV:  2    Int:  7    God:
Gold: 38            SH:  0    Dex: 15    Spells: 2/2 levels left

rFire   . . .        a - +0 war axe {Shi}
rCold   . . .        (no shield)
rNeg    . . .        b - melded +0 leather armour
rPois   +            c - melded +0 helmet
rElec   .            (cloak currently unavailable)
rCorr   .            (gloves currently unavailable)
SInv    +            (boots currently unavailable)
Will    .....        (no amulet)
Stlth   +            j - ring of see invisible
HPRegen 0.20/turn    (no ring)
MPRegen 0.08/turn

%: no passive effects
@: confused, tree-form, extremely drained, revved
A: stationary, stasis, torment immunity, boosted hp, off-hand wielding, slow
wielding, warmup strikes, (legs shutdown), frail 1, inability to read after
injury 1
a: no special abilities


You were on level 3 of the Dungeon.
You were a tree.
You visited 1 branch of the dungeon, and saw 3 of its levels.

You collected 38 gold pieces.

Inventory:

Hand Weapons
 a - a +0 war axe (weapon) {Shi}
Missiles
 d - 3 throwing nets (quivered)
 e - a javelin
Armour
 b - a +0 leather armour (melded)
 c - a +0 helmet (melded)
Jewellery
 h - a ring of ice
 j - a ring of see invisible (left branch)
Scrolls
 f - a scroll of revelation {unknown}
 i - a scroll of enchant weapon {unknown}
 k - a scroll of identify {unknown}
 m - 2 scrolls of blinking {unknown}
 n - a scroll of teleportation {unknown}
 o - a scroll of butterflies {unknown}


   Skills:
 + Level 2.5 Fighting
 + Level 3.4 Axes
 - Level 1.8 Throwing
 + Level 1.0 Armour
 - Level 2.7 Dodging


You had 2 spell levels left.
You didn't know any spells.
Your spell library contained the following spells:

 Spells                   Type           Power      Damage    Failure   Level
 Slow                     Hex            0%         N/A       43%         1
 Confusing Touch          Hex            0%         N/A       80%         3
 Sigil of Binding         Hex            0%         N/A       80%         3
 Vampiric Draining        Necr           0%         2d6       80%         3
 Passage of Golubria      Tloc           0%         N/A       99%         4
 Silence                  Hex/Air        0%         N/A       100%        5
 Lehudib's Crystal Spear  Conj/Erth      0%         10d2      100%        8


Dungeon Overview and Level Annotations

Branches:
Dungeon (2/15)

Altars:

Annotations:
D:3 Ijyb


Innate Abilities, Weirdness & Mutations

You are a tree.
Your roots penetrate the ground, keeping you stationary.
You cannot be teleported.
You are immune to unholy pain and torment.
Your maximum health is greatly increased.
Your equipment is partially melded.
You can wield a second weapon in your off-hand.
It takes a long time for you to wield or remove held weapons.
Your first few attacks do less damage.
((Attacking and casting redirects power from your legs.))
You are frail. (-10% HP)
You occasionally lose the ability to read scrolls when taking damage.


Message History

Ijyb hits you but does no damage.
You feel drained.
You barely miss Ijyb.
Ijyb is severely wounded.
Ijyb hits you but does no damage.
You feel drained. Ijyb hits you but does no damage.
You feel drained.
You hit Ijyb but do no damage.
Ijyb is severely wounded.
Ijyb zaps a wand.
Your will is overpowered!
You are confused.
You attack the rock wall.
Ijyb zaps a wand.
Your will is overpowered!
You are more confused.
You hit Ijyb. Ijyb hits you but does no damage.
You feel drained. Ijyb hits you but does no damage.
You feel drained.
You barely miss Ijyb. Ijyb hits you but does no damage.
You feel drained.
You closely miss Ijyb.
Ijyb screams, "Level is mine!
All mine!"
Ijyb hits you but does no damage.
You feel drained.
You miss Ijyb. Ijyb hits you but does no damage.
You feel drained.
You hit Ijyb.
Ijyb zaps a wand.
Your will is overpowered!
You are more confused.
Ijyb hits you but does no damage.
You feel drained.
You miss Ijyb.
Ijyb is almost dead.
Ijyb zaps a wand.
You resist with significant effort.
You nearly hit yourself!
Ijyb screams, "They call me mad!"
Ijyb hits you but does no damage.
You feel drained.
You hit Ijyb but do no damage.
Ijyb is almost dead.
Ijyb hits you but does no damage.
You feel drained.
You barely miss Ijyb. Ijyb hits you but does no damage.
You feel drained. Ijyb hits you but does no damage.
You feel drained.
You hit Ijyb.
Ijyb is almost dead.
Ijyb hits you but does no damage.
You feel drained.
You nearly hit yourself!
Ijyb hits you with a +2 dagger of draining.
Ouch! That really hurt!
You die...
Ijyb screams, "Time for next experiment!"

#....# #....#
#....+ #....#
#....# .# #....#
.# #....####.#
#####♣........#
#...'g........#
#.###.........##
#..........#
#####......#
#......#
###....+
##...#.##.
####.†........


You could see Ijyb.

Vanquished Creatures
  4 bats (D:1)
  2 endoplasms (D:1)
  A giant cockroach (D:1)
  A goblin (D:1)
  3 hobgoblins (D:1)
  4 frilled lizards
15 creatures vanquished.

Notes
Turn   | Place    | Note
-------+----------+-------------------------------------------
     0 | D:1      | Querens the Coglin Gladiator began the quest for the Orb.
     0 | D:1      | Reached XP level 1. HP: 16/16 MP: 1/1
    25 | D:1      | Found a faded altar of an unknown god.
    53 | D:1      | Reached XP level 2. HP: 21/22 MP: 2/2
   463 | D:1      | Reached skill level 1 in Armour
   463 | D:1      | Reached XP level 3. HP: 28/28 MP: 3/3
   556 | D:2      | You fall into a shaft and drop 1 floor!
   562 | D:3      | Noticed a small abomination
   585 | D:3      | Noticed Ijyb
   607 | D:3      | Gained mutation: You are frail. (-10% HP) [potion of
                  | mutation]
   607 | D:3      | Gained mutation: You occasionally lose the ability to read
                  | scrolls when taking damage. [potion of mutation]
   607 | D:3      | HP: 1/21 [Ijyb/+2 dagger of draining (1)]
   625 | D:3      | Slain by Ijyb

Illustrated notes

Levels and vault maps discovered:
D:1:      dpeg_arrival_stone_temple_mockup, layout_loops_cross,
          hellmonk_ecumenical_altar_crossroads, wad_floor_pattern_1
D:2:      layout_basic, minmay_randomly_rotated_circles
D:3:      layout_basic, gammafunk_ghost_abyssal_escape, serial_curves,
          eino_curves_02, eino_curves_01, eino_curves_01, uniq_ijyb,
          uniq_natasha

Skill      XL: |  1  2 |
---------------+-------+-----
Armour         | 1 |  1.0
Fighting       | |  2.5
Axes           | |  3.4
Throwing       | |  1.8
Dodging        | |  2.7

Action                     || total
---------------------------++-------
  Melee: War axe           ||    55
    Use: Potion            ||     2
   Stab: Sleeping          ||     2
 Armour: Leather armour    ||    21
         Skin              ||    18
  Dodge: Dodged            ||    32

Table legend: (Time is in decaauts)
 A = Elapsed time spent in this place.
 B = Non-inter-level travel time spent in this place.
 C = Inter-level travel time spent in this place.
 D = Time resting spent in this place.
 E = Time spent auto-exploring this place.
 F = Levels seen in this place.
 G = Mean time per level.
                   A        B        C        D        E       F      G
               +--------+--------+--------+--------+--------+-----+--------+
         Total |    645 |    634 |     11 |      0 |      0 |   3 |  215.0 |
       Dungeon |    645 |    634 |     11 |      0 |      0 |   3 |  215.0 |
               +--------+--------+--------+--------+--------+-----+--------+

Top non-repeatable levels by time:
     D:1: 552 daAuts
     D:3: 79 daAuts
     D:2: 13 daAuts
